 Dungeon Crawl Stone Soup version 0.30.1-11-g7821555f0a (webtiles) character file.

Game seed: 15247194092468237110

62 SacredBeard the Vexing (level 3, -2/20 HPs)
             Began as a Deep Elf Hexslinger on Oct 30, 2023.
             Slain by an adder (3 damage)
             ... on level 2 of the Dungeon.
             The game lasted 00:04:17 (1674 turns).

SacredBeard the Vexing (Deep Elf Hexslinger)        Turns: 1674, Time: 00:04:18

Health: -2/20      AC:  4    Str:  7    XL:     3   Next: 85%
Magic:  8/8        EV: 12    Int: 17    God:
Gold:   48         SH:  5    Dex: 17    Spells: 5/6 levels left

rFire   . . .        a - +1 sling
rCold   . . .        (no shield)
rNeg    . . .        m - +0 leather armour
rPois   .            (no helmet)
rElec   .            (no cloak)
rCorr   .            (no gloves)
SInv    .            j - +0 pair of boots
Will    .....        l - amulet of reflection
Stlth   +            (no ring)
HPRegen 0.23/turn    (no ring)
MPRegen 0.11/turn

%: reflection
@: lethally poisoned (-2 -> -3)
A: no striking features
a: no special abilities


You were on level 2 of the Dungeon.
You visited 1 branch of the dungeon, and saw 2 of its levels.

You collected 48 gold pieces.

Inventory:

Hand Weapons
 a - a +1 sling (weapon)
Armour
 j - a +0 pair of boots (worn)
 m - a +0 leather armour (worn)
Jewellery
 l - an amulet of reflection (around neck)
Scrolls
 b - a scroll of poison
 d - 2 scrolls of identify {unknown}
 e - a scroll of enchant weapon {unknown}
 g - a scroll of blinking {unknown}
 i - a scroll of brand weapon {unknown}
 k - a scroll of teleportation {unknown}
Potions
 f - a potion of magic {unknown}
 h - 3 potions of curing


   Skills:
 - Level 1.0 Fighting
 * Level 4.0 Ranged Weapons
 + Level 0.9 Armour
 + Level 3.0 Dodging
 + Level 2.4 Spellcasting
 + Level 4.3 Hexes


You had 5 spell levels left.
You knew the following spells:

 Your Spells              Type           Power      Damage    Failure   Level
a - Slow                  Hex            64%        N/A       4%          1

Your spell library contained the following spells:

 Spells                   Type           Power      Damage    Failure   Level
 Inner Flame              Hex/Fire       9%         N/A       32%         3
 Portal Projectile        Hex/Tloc       18%        N/A       32%         3
 Cause Fear               Hex            8%         N/A       41%         4


Dungeon Overview and Level Annotations

Branches:
Dungeon (2/15) Zot: 10292

Altars:

Shops:
D:1 !


Message History

The adder closely misses you.
You shoot a sling bullet.
The sling bullet hits the adder but does no damage.
The adder misses you. The adder bites you.
You shoot a sling bullet. The sling bullet misses the adder.
The adder bites you.
You are poisoned.
The adder poisons you!
You shoot a sling bullet.
The sling bullet closely misses the adder.
You feel sick. The adder bites you.
You are lethally poisoned!
The adder poisons you! The adder barely misses you.
You shoot a sling bullet.
The sling bullet closely misses the adder.
* * * LOW HITPOINT WARNING * * *
You feel very sick. The adder closely misses you. The adder misses you.
You shoot a sling bullet.
The sling bullet closely misses the adder.
* * * LOW HITPOINT WARNING * * *
You feel sick. The adder barely misses you.
You shoot a sling bullet.
The sling bullet closely misses the adder.
* * * LOW HITPOINT WARNING * * *
You feel sick. The adder barely misses you.
The adder bites you but does no damage.
You shoot a sling bullet.
The sling bullet barely misses the adder.
* * * LOW HITPOINT WARNING * * *
You feel sick. The adder bites you but does no damage. The adder misses you.
You shoot a sling bullet. The sling bullet hits the adder.
The adder is moderately wounded.
* * * LOW HITPOINT WARNING * * *
You feel sick. You block the adder's attack.
You shoot a sling bullet. The sling bullet hits the adder.
The adder is almost dead.
* * * LOW HITPOINT WARNING * * *
You feel sick. The adder bites you.
You die...

########.# #.#
#.# #.#
########## #.#
#........# #.#
# #.######.#
#.#
.####.###.###
#.# #.#
......S@.[..#
#.# #.#
##.##.#####.#
#.# #.# #
#.####.#####.#
#.............
##############


You could see an adder.

Vanquished Creatures
  A gnoll (D:1)
  An adder (D:2)
  6 endoplasms
  A giant cockroach (D:1)
  2 goblins (D:1)
  3 hobgoblins
  2 jackals (D:1)
  6 kobolds
  A quokka (D:2)
  6 ball pythons
  6 bats
  A frilled lizard (D:1)
  3 rats
39 creatures vanquished.

Notes
Turn   | Place    | Note
-------+----------+-------------------------------------------
     0 | D:1      | SacredBeard the Deep Elf Hexslinger began the quest for the
                  | Orb.
     0 | D:1      | Reached XP level 1. HP: 11/11 MP: 5/5
   190 | D:1      | Reached XP level 2. HP: 16/16 MP: 6/6
   228 | D:1      | Reached skill level 1 in Fighting
   336 | D:1      | Found Xujep's Distillery.
   622 | D:1      | Reached XP level 3. HP: 14/20 MP: 1/8
  1246 | D:2      | HP: 1/20 [poisoned by an adder]
  1674 | D:2      | HP: 1/20 [poisoned by an adder]
  1674 | D:2      | Slain by an adder

Illustrated notes

Levels and vault maps discovered:
D:1:      dpeg_arrival_more_subterranean_lakeside_camping, layout_basic,
          serial_shops, shop
D:2:      layout_loops_ring

Skill      XL: |  1  2  3 |
---------------+----------+-----
Ranged Weapons | 3 4 |  4.0
Fighting       | 1 |  1.0
Spellcasting   | 2 |  2.4
Dodging        | 3 |  3.0
Armour         | |  0.9
Hexes          | |  4.3

Action                     || total
---------------------------++-------
   Fire: Sling             ||   134
   Cast: Slow              ||    20
    Use: Potion            ||     1
 Armour: Robe              ||     7
         Leather armour    ||     3
  Dodge: Dodged            ||    41
  Block: Other             ||     3
